 Dungeon Crawl Stone Soup version 0.31-a0-175-g9f7f995f2b (webtiles) character file.

Game seed: 2438213629902259309

15399 qw the Blocker (level 12, 0/76 HPs)
             Began as a Gargoyle Fighter on June 16, 2023.
             Slain by an eight-headed hydra (2 damage)
             ... on level 8 of the Dungeon.
             The game lasted 00:04:11 (10510 turns).

qw the Blocker (Gargoyle Fighter)                  Turns: 10510, Time: 00:04:12

Health: 0/76       AC: 32    Str: 26    XL:     12   Next: 26%
Magic:  10/10      EV:  8    Int:  9    God:
Gold:   302        SH: 13    Dex: 16    Spells: 11/11 levels left

rFire   + . .        p - +0 morningstar
rCold   . . .        r - +0 kite shield
rNeg    + . .        l - +1 plate armour {rF+}
rPois   inf          c - +0 helmet
rElec   +            (no cloak)
rCorr   .            k - +1 pair of gloves
SInv    +            j - +0 pair of boots
Will    +....        (no amulet) Stlth
                     e - ring "Xytouguo" {Contam Str+3 Dex+3 SInv}
HPRegen 0.32/turn    h - +4 ring of protection
MPRegen 0.12/turn

%: clarity
@: about to teleport
A: sickness immunity, AC +8, negative energy resistance 1, electricity
resistance, torment resistance 1, petrification resistance, see invisible, agile
1, clarity, low MP 1, strong-willed 1
a: no special abilities


You were on level 8 of the Dungeon.
You visited 3 branches of the dungeon, and saw 13 of its levels.

You collected 698 gold pieces.
You spent 396 gold pieces at shops.


Innate Abilities, Weirdness & Mutations

You are immune to sickness and miasma.
Your stone body is resilient. (AC +8)
You are immune to poison.
You resist negative energy. (rN+)
You are resistant to electric shocks. (rElec)
You are resistant to unholy torment.
You are immune to petrification.
You have supernaturally acute eyesight. (SInv)
You are agile. (Dex +4, Str/Int -1)
You possess an exceptional clarity of mind.
Your magical capacity is low. (-10% MP)
You are strong-willed. (Will+)


   Skills:
 - Level 9.0 Fighting
 + Level 11.3 Axes
 - Level 1.0 Throwing
 - Level 8.1 Armour
 - Level 3.1 Dodging
 - Level 13.2 Shields


You had 11 spell levels left.
You didn't know any spells.
Your spell library was empty.

Inventory:

Hand Weapons
 p - a +0 morningstar (weapon)
 Y - a +2 war axe of electrocution
Missiles
 o - 3 boomerangs (quivered)
Armour
 c - a +0 helmet (worn)
 j - a +0 pair of boots (worn)
 k - a +1 pair of gloves (worn)
 l - a +1 plate armour of fire resistance (worn)
 r - a +0 kite shield (worn)
 t - the +1 robe of the Boiling Point {-Cast rPois rCorr}
   (You bought it in a shop on level 11 of the Dungeon)

   rPois:     It protects you from poison.
   -Cast:     It prevents spellcasting.
   rCorr:     It protects you from acid and corrosion.
Jewellery
 e - the ring "Xytouguo" (left hand) {Contam Str+3 Dex+3 SInv}
   (You acquired it on level 2 of the Dungeon)

   [ring of see invisible]

   Str:       It affects your strength (+3).
   Dex:       It affects your dexterity (+3).
   SInv:      It lets you see invisible.
   Contam:    It causes magical contamination when unequipped.
 h - a +4 ring of protection (right hand)
 q - a ring of protection from cold
Scrolls
 i - a scroll of teleportation
 n - 4 scrolls of identify
Potions
 a - 5 potions of curing
 b - a potion of heal wounds
 d - 4 potions of might
 f - a potion of resistance
 g - 3 potions of lignification
 m - 2 potions of attraction
 s - a potion of cancellation

Dungeon Overview and Level Annotations

Branches:
Dungeon (11/15)            Temple (1/1) D:5            Lair (1/5) D:8
    Orc (0/2) D:9

Altars:
Ashenzari
Cheibriados
Dithmenos
Elyvilon
Fedhas
Gozag
Hepliaklqana
Kikubaaqudgha
Makhleb
Nemelex Xobeh
Okawaru
Qazlal
Ru
Sif Muna
Trog
Uskayaw
Vehumet
Wu Jian
Xom
Yredelemnul
Zin
The Shining One

Shops:
D:9 ?   D:11 [

Portals:
Trove: D:10 (lose all piety)

Annotations:
D:5 2 transporters, qw's ghost, novice GrHu
Lair:1 1 runed translucent door


Message History

You puncture the eight-headed hydra!
The eight-headed hydra is severely wounded.
The yak gores you! You block the yak's attack.
You block the eight-headed hydra's attack. x3
The eight-headed hydra bites you but does no damage.
The eight-headed hydra closely misses you.
The eight-headed hydra bites you but does no damage. x3
You thump the eight-headed hydra!
The eight-headed hydra is almost dead.
The yak gores you but does no damage. x2
The eight-headed hydra bites you but does no damage.
The eight-headed hydra closely misses you.
The eight-headed hydra bites you! x2
The eight-headed hydra bites you but does no damage. x2
The eight-headed hydra barely misses you.
The eight-headed hydra bites you but does no damage.
The yak gores you but does no damage. You block the yak's attack.
You puncture the eight-headed hydra!
The eight-headed hydra is almost dead.
The eight-headed hydra bites you but does no damage.
You block the eight-headed hydra's attack.
The eight-headed hydra bites you but does no damage. x2
The eight-headed hydra bites you.
The eight-headed hydra bites you but does no damage.
You block the eight-headed hydra's attack.
The eight-headed hydra bites you. The yak gores you!
The yak gores you but does no damage.
The eight-headed hydra closely misses you. x2
The eight-headed hydra bites you but does no damage. x4
The eight-headed hydra completely misses you.
The eight-headed hydra barely misses you.
10510 ||| READING 2 scrolls of teleportation.
As you read the scroll of teleportation, it crumbles to dust.
You feel strangely unstable. You block the yak's attack.
The yak barely misses you.
The eight-headed hydra bites you but does no damage. x3
The eight-headed hydra barely misses you.
The eight-headed hydra bites you but does no damage.
The eight-headed hydra bites you.
You die...

#.# ##:#
#)#.........)..< #.#
#..# #)##...###..###)
###(# #.## ###.######
#..# ## ..#.# #.#
###...# #####./# #
#.#.# #.#
###.....####......# #
#.#.#
#.###.........##...##.#
# #.#.#
#.##...........###.##.#
# #.#.#
#.#.......D.....##.##.#
#.#.#
#........@Y......#.##.#
..#.#
#.#......Y.........##.#
###.#
#.##......(P...###.##.#
#.#
#.###.........####.##.#
#.# #.#
###.....#####...#(# #.#
#.# ##..............#
#.#
#.#####.#.###..##...###
#.#
#..........###.###.##
###.####...###.##.##..#
#.#####


You could see an eight-headed hydra and 2 yaks.

Vanquished Creatures
  2 two-headed ogres
  Sonja (D:11)
  A salamander mystic (D:10)
  3 salamanders (D:10)
  A manticore (D:11)
  2 cyclopes
  Joseph (D:8)
  A gargoyle (D:11)
  An unseen horror (D:7)
  Prince Ribbit (D:6)
  A vampire (D:9)
  12 yaks
  2 steam dragons
  3 wargs (D:8)
  A water moccasin (D:7)
  7 orc warriors
  A sky beast (D:7)
  3 centaurs
  2 phantoms
  6 kobold brigands
  A bullfrog (D:6)
  2 scorpions
  2 wights (D:6)
  9 killer bees (D:10)
  2 howler monkeys
  4 hounds
  A gnoll bouda (D:9)
  12 orc priests
  3 jellies
  A sleepcap (D:6)
  Terence (D:3)
  3 iguanas
  11 orc wizards
  8 gnolls
  5 adders
  An ufetubus (D:7)
  A dart slug (D:4)
  34 orcs
  6 bats
  6 endoplasms
  4 giant cockroaches
  2 goblins (D:4)
  7 hobgoblins
  5 quokkas
  5 ball pythons
  2 frilled lizards
  28 kobolds
  3 rats
221 creatures vanquished.

Vanquished Creatures (others)
  A kobold (D:6)
1 creature vanquished.

Grand Total: 222 creatures vanquished

Notes
Turn   | Place    | Note
-------+----------+-------------------------------------------
     0 | D:1      | qw the Gargoyle Fighter began the quest for the Orb.
     0 | D:1      | Reached XP level 1. HP: 14/14 MP: 1/1
     0 | D:1      | 0 ||| qw: Version: 0.2-a-29-g511e9b1
     0 | D:1      | 0 ||| qw: Game counter: 5827
     0 | D:1      | 0 ||| qw: Always use a shield: true
     0 | D:1      | 0 ||| qw: God list: Okawaru
     0 | D:1      | 0 ||| qw: Allow faded altars: false
     0 | D:1      | 0 ||| qw: Do Orc after D:15 true
     0 | D:1      | 0 ||| qw: Do second Lair branch before Depths: true
     0 | D:1      | 0 ||| qw: Lair rune preference: random
     0 | D:1      | 0 ||| qw: Plans: Normal, Zot:1-4, Slime:5, God:TSO, Crypt,
                  | Tomb, Abyss, Pan, Hells, Win
     0 | D:1      | 0 ||| PLANNING D:1-11
   261 | D:1      | 261 ||| Stepping ~*~*~tactically~*~*~ (hiding).
   372 | D:1      | 372 ||| DROPPING +0 club.
   461 | D:1      | Reached XP level 2. HP: 18/19 MP: 2/2
   739 | D:1      | You fall into a shaft and drop 1 floor!
   809 | D:2      | 809 ||| DROPPING ring of magical power.
   810 | D:2      | 810 ||| READING scroll labelled OGHIEMMUIPT.
   811 | D:2      | 811 ||| READING scroll labelled TEYNEFEXODGH.
   812 | D:2      | 812 ||| DRINKING 2 pink potions.
   815 | D:2      | 815 ||| DRINKING 2 amethyst potions.
   857 | D:2      | 857 ||| DROPPING potion of ambrosia.
  1014 | D:2      | 1014 ||| Stepping ~*~*~tactically~*~*~ (hiding).
  1017 | D:2      | 1017 ||| Stepping ~*~*~tactically~*~*~ (hiding).
  1018 | D:2      | 1018 ||| Stepping ~*~*~tactically~*~*~ (hiding).
  1019 | D:2      | 1019 ||| Stepping ~*~*~tactically~*~*~ (hiding).
  1143 | D:2      | Found a faded altar of an unknown god.
  1206 | D:2      | 1206 ||| Stepping ~*~*~tactically~*~*~ (stealth).
  1227 | D:2      | Reached skill level 3 in Axes
  1230 | D:2      | 1230 ||| Stepping ~*~*~tactically~*~*~ (stealth).
  1235 | D:2      | 1235 ||| Stepping ~*~*~tactically~*~*~ (stealth).
  1236 | D:2      | 1236 ||| Stepping ~*~*~tactically~*~*~ (stealth).
  1237 | D:2      | 1237 ||| Stepping ~*~*~tactically~*~*~ (stealth).
  1245 | D:2      | Reached XP level 3. HP: 21/23 MP: 3/3
  1884 | D:2      | 1884 ||| DROPPING +3 leather armour.
  1885 | D:2      | 1885 ||| UPGRADING to +0 pair of gloves.
  1890 | D:2      | 1890 ||| READING scroll labelled OMOUTHR LEIFARPH.
  1891 | D:2      | 1891 ||| READING scroll labelled FIULODGH VYCHAB.
  1892 | D:2      | 1892 ||| READING scroll labelled YKKAUZ SUOGROFF.
  1892 | D:2      | Identified a scroll of acquirement
  1892 | D:2      | 1892 ||| ACQUIRING ring "Xytouguo" {Contam Str+3 Dex+3
                  | SInv}
  1892 | D:2      | Acquired the ring "Xytouguo" {Contam Str+3 Dex+3 SInv}
  1894 | D:2      | 1894 ||| UPGRADING to ring "Xytouguo" {Contam Str+3 Dex+3
                  | SInv}.
  1895 | D:2      | 1895 ||| DRINKING 2 metallic dark potions.
  1987 | D:3      | Reached XP level 4. HP: 28/28 MP: 4/4
  2193 | D:3      | 2193 ||| Stepping ~*~*~tactically~*~*~ (stealth).
  2229 | D:3      | Found a glowing golden altar of the Shining One.
  2333 | D:3      | Noticed Terence
  2346 | D:3      | Killed Terence
  2347 | D:3      | Reached skill level 1 in Dodging
  2349 | D:3      | 2349 ||| DROPPING +0 whip.
  2495 | D:3      | 2495 ||| UPGRADING to +0 pair of boots.
  2500 | D:3      | 2500 ||| UPGRADING to +2 scale mail of willpower.
  2510 | D:3      | 2510 ||| DROPPING +0 scale mail.
  2511 | D:3      | 2511 ||| READING scroll labelled LABBUI DEMI.
  2512 | D:3      | 2512 ||| READING scroll labelled QONONT CUSEA.
  2613 | D:3      | 2613 ||| DRINKING 3 clear potions.
  2613 | D:3      | Gained mutation: You have hidden genetic defects. [potion
                  | of mutation]
  2613 | D:3      | Gained mutation: You are vulnerable to cold. (rC-) [potion
                  | of mutation]
  2613 | D:3      | Gained mutation: Your mind is acute. (Int +4, Str/Dex -1)
                  | [potion of mutation]
  2613 | D:3      | Gained mutation: Your natural rate of healing is unusually
                  | fast. [potion of mutation]
  2614 | D:3      | 2614 ||| DRINKING 2 potions of mutation.
  2614 | D:3      | Lost mutation: Your mind is acute. (Int +4, Str/Dex -1)
                  | [potion of mutation]
  2614 | D:3      | Lost mutation: You are vulnerable to cold. (rC-) [potion of
                  | mutation]
  2614 | D:3      | Lost mutation: Your natural rate of healing is unusually
                  | fast. [potion of mutation]
  2614 | D:3      | Gained mutation: Your natural rate of healing is unusually
                  | fast. [potion of mutation]
  2614 | D:3      | Gained mutation: Your magical capacity is low. (-10% MP)
                  | [potion of mutation]
  2614 | D:3      | Gained mutation: You have supernaturally acute eyesight.
                  | (SInv) [potion of mutation]
  2614 | D:3      | Gained mutation: You are agile. (Dex +4, Str/Int -1)
                  | [potion of mutation]
  2686 | D:4      | 2686 ||| UPGRADING to +2 heavy war axe.
  2687 | D:4      | 2687 ||| DROPPING +0 war axe.
  2725 | D:4      | Noticed a phantom
  2735 | D:4      | Killed a phantom
  2736 | D:4      | Reached XP level 5. HP: 30/32 MP: 4/4
  2754 | D:4      | Gained mutation: You occasionally shout uncontrollably at
                  | your foes. [hidden defects]
  2785 | D:4      | Found a blossoming altar of Fedhas.
  2811 | D:4      | 2811 ||| Stepping ~*~*~tactically~*~*~ (stealth).
  2816 | D:4      | 2816 ||| Stepping ~*~*~tactically~*~*~ (stealth).
  2841 | D:4      | Reached XP level 6. HP: 37/37 MP: 5/5
  2842 | D:4      | Gained mutation: You occasionally lose the ability to drink
                  | potions when taking damage. [hidden defects]
  2842 | D:4      | Lost mutation: You have hidden genetic defects. [hidden
                  | defects expressed]
  2843 | D:4      | 2843 ||| Stepping ~*~*~tactically~*~*~ (stealth).
  2847 | D:4      | 2847 ||| DRINKING potion of mutation.
  2847 | D:4      | Lost mutation: You occasionally shout uncontrollably at
                  | your foes. [potion of mutation]
  2847 | D:4      | Lost mutation: Your natural rate of healing is unusually
                  | fast. [potion of mutation]
  2847 | D:4      | Lost mutation: You occasionally lose the ability to drink
                  | potions when taking damage. [potion of mutation]
  2847 | D:4      | Gained mutation: You are strong-willed. (Will+) [potion of
                  | mutation]
  2847 | D:4      | Gained mutation: You possess an exceptional clarity of
                  | mind. [potion of mutation]
  3089 | D:4      | 3089 ||| DROPPING +0 mace.
  3327 | D:4      | 3327 ||| READING scroll labelled DUFRU FOPIPSA.
  3354 | D:5      | Entered Level 5 of the Dungeon
  3385 | D:5      | Found an iron altar of Okawaru.
  3450 | D:5      | Found a transporter.
  3454 | D:5      | Noticed qw's ghost (novice GrHu)
  3548 | D:5      | Found a transporter.
  3555 | D:5      | Reached skill level 6 in Axes
  3555 | D:5      | Reached XP level 7. HP: 43/43 MP: 6/6
  3702 | D:5      | 3702 ||| Stepping ~*~*~tactically~*~*~ (hiding).
  3886 | D:5      | 3886 ||| Stepping ~*~*~tactically~*~*~ (hiding).
  3887 | D:5      | 3887 ||| Stepping ~*~*~tactically~*~*~ (hiding).
  3888 | D:5      | 3888 ||| Stepping ~*~*~tactically~*~*~ (hiding).
  3889 | D:5      | 3889 ||| Stepping ~*~*~tactically~*~*~ (hiding).
  3898 | D:5      | 3898 ||| FLEEEEING.
  3899 | D:5      | 3899 ||| FLEEEEING.
  3900 | D:5      | 3900 ||| FLEEEEING.
  3901 | D:5      | 3901 ||| FLEEEEING.
  3902 | D:5      | 3902 ||| FLEEEEING.
  3903 | D:5      | 3903 ||| FLEEEEING.
  3904 | D:5      | 3904 ||| FLEEEEING.
  3905 | D:5      | 3905 ||| FLEEEEING.
  3906 | D:5      | 3906 ||| FLEEEEING.
  3907 | D:5      | 3907 ||| FLEEEEING.
  3908 | D:5      | 3908 ||| FLEEEEING.
  3909 | D:5      | 3909 ||| FLEEEEING.
  3910 | D:5      | 3910 ||| STAIRDANCE
  3954 | D:4      | 3954 ||| UPGRADING to +4 ring of protection.
  4012 | D:5      | Found an ancient bone altar of Kikubaaqudgha.
  4031 | D:5      | Found a shimmering blue altar of Sif Muna.
  4046 | D:5      | 4046 ||| Stepping ~*~*~tactically~*~*~ (stealth).
  4061 | D:5      | Found a sacrificial altar of Ru.
  4125 | D:5      | Found a staircase to the Ecumenical Temple.
  4126 | D:5      | 4126 ||| PLANNING TEMPLE
  4132 | Temple   | Entered the Ecumenical Temple
  4246 | Temple   | 4246 ||| PLANNING D:1-11
  4294 | D:5      | 4294 ||| DRINKING 2 inky potions.
  4375 | D:6      | 4375 ||| Stepping ~*~*~tactically~*~*~ (stealth).
  4379 | D:6      | 4379 ||| Stepping ~*~*~tactically~*~*~ (stealth).
  4432 | D:6      | 4432 ||| DROPPING +0 flail.
  4449 | D:6      | 4449 ||| Stepping ~*~*~tactically~*~*~ (stealth).
  4453 | D:6      | 4453 ||| Stepping ~*~*~tactically~*~*~ (stealth).
  4455 | D:6      | 4455 ||| Stepping ~*~*~tactically~*~*~ (hiding).
  4459 | D:6      | Noticed Prince Ribbit
  4464 | D:6      | Killed Prince Ribbit
  4465 | D:6      | Reached skill level 6 in Fighting
  4465 | D:6      | Reached XP level 8. HP: 26/51 MP: 7/7
  4592 | D:6      | 4592 ||| Stepping ~*~*~tactically~*~*~ (stealth).
  4606 | D:6      | Reached skill level 1 in Throwing
  4647 | D:6      | 4647 ||| Stepping ~*~*~tactically~*~*~ (hiding).
  4648 | D:6      | 4648 ||| Stepping ~*~*~tactically~*~*~ (hiding).
  4650 | D:6      | 4650 ||| Stepping ~*~*~tactically~*~*~ (hiding).
  4746 | D:6      | Found a white marble altar of Elyvilon.
  4769 | D:6      | 4769 ||| Stepping ~*~*~tactically~*~*~ (stealth).
  4868 | D:6      | 4868 ||| Stepping ~*~*~tactically~*~*~ (stealth).
  4869 | D:6      | 4869 ||| Stepping ~*~*~tactically~*~*~ (hiding).
  5018 | D:6      | Noticed a two-headed ogre
  5027 | D:6      | Killed a two-headed ogre
  5028 | D:6      | Reached skill level 9 in Axes
  5028 | D:6      | Reached XP level 9. HP: 37/55 MP: 8/8
  5256 | D:6      | Reached skill level 4 in Shields
  5344 | D:6      | HP: 9/56 [orc warrior/+0 great sword (9)]
  5345 | D:6      | 5345 ||| DRINKING 2 potions of heal wounds.
  5590 | D:6      | 5590 ||| UPGRADING to +0 plate armour.
  5600 | D:6      | 5600 ||| DROPPING +2 scale mail of willpower.
  5601 | D:6      | 5601 ||| DROPPING +0 chain mail.
  5602 | D:6      | 5602 ||| UPGRADING to +0 kite shield.
  5612 | D:6      | 5612 ||| DROPPING +0 buckler.
  5613 | D:6      | 5613 ||| READING scroll labelled NYZ LEUMUFEYJ.
  5614 | D:6      | 5614 ||| READING 2 scrolls labelled POEPTU ATONUQU.
  5615 | D:6      | 5615 ||| DROPPING scroll of revelation.
  5707 | D:7      | Reached skill level 5 in Shields
  5823 | D:7      | Noticed a cyclops
  5829 | D:7      | Reached skill level 6 in Shields
  5833 | D:7      | Killed a cyclops
  5834 | D:7      | Reached XP level 10. HP: 27/63 MP: 9/9
  6084 | D:7      | Noticed an unseen horror
  6099 | D:7      | Killed an unseen horror
  6100 | D:7      | Reached skill level 7 in Shields
  6265 | D:7      | 6265 ||| UPGRADING to +0 helmet.
  6270 | D:7      | 6270 ||| READING 2 scrolls of identify.
  6270 | D:7      | 6270 ||| IDENTIFYING metallic black potion
  6271 | D:7      | 6271 ||| DRINKING potion of experience.
  6271 | D:7      | Reached skill level 13 in Shields
  6271 | D:7      | Reached XP level 11. HP: 67/67 MP: 9/9
  6313 | D:8      | 6313 ||| Stepping ~*~*~tactically~*~*~ (stealth).
  6315 | D:8      | 6315 ||| Stepping ~*~*~tactically~*~*~ (hiding).
  6340 | D:8      | Found a staircase to the Lair.
  6343 | D:8      | 6343 ||| FLEEEEING.
  6344 | D:8      | 6344 ||| FLEEEEING.
  6463 | D:8      | 6463 ||| Stepping ~*~*~tactically~*~*~ (stealth).
  6463 | D:8      | Noticed a cyclops
  6467 | D:8      | Killed a cyclops
  6468 | D:8      | Reached skill level 6 in Armour
  6490 | D:8      | 6490 ||| Stepping ~*~*~tactically~*~*~ (hiding).
  6645 | D:8      | Noticed Joseph
  6660 | D:8      | Killed Joseph
  6723 | D:8      | 6723 ||| Stepping ~*~*~tactically~*~*~ (stealth).
  6733 | D:8      | 6733 ||| Stepping ~*~*~tactically~*~*~ (stealth).
  6819 | D:8      | 6819 ||| Stepping ~*~*~tactically~*~*~ (cloud).
  6839 | D:8      | 6839 ||| Stepping ~*~*~tactically~*~*~ (stealth).
  6843 | D:8      | 6843 ||| Stepping ~*~*~tactically~*~*~ (hiding).
  6845 | D:8      | 6845 ||| Stepping ~*~*~tactically~*~*~ (stealth).
  6846 | D:8      | 6846 ||| Stepping ~*~*~tactically~*~*~ (stealth).
  6848 | D:8      | 6848 ||| Stepping ~*~*~tactically~*~*~ (hiding).
  6849 | D:8      | 6849 ||| Stepping ~*~*~tactically~*~*~ (hiding).
  6850 | D:8      | 6850 ||| Stepping ~*~*~tactically~*~*~ (hiding).
  6861 | D:8      | 6861 ||| Stepping ~*~*~tactically~*~*~ (stealth).
  6862 | D:8      | 6862 ||| Stepping ~*~*~tactically~*~*~ (stealth).
  6887 | D:8      | 6887 ||| FLEEEEING.
  6888 | D:8      | 6888 ||| FLEEEEING.
  6889 | D:8      | 6889 ||| FLEEEEING.
  6890 | D:8      | 6890 ||| FLEEEEING.
  6891 | D:8      | 6891 ||| FLEEEEING.
  6892 | D:8      | 6892 ||| FLEEEEING.
  6893 | D:8      | 6893 ||| FLEEEEING.
  6894 | D:8      | 6894 ||| FLEEEEING.
  6895 | D:8      | 6895 ||| FLEEEEING.
  6898 | D:8      | 6898 ||| FLEEEEING.
  6899 | D:8      | 6899 ||| FLEEEEING.
  6900 | D:8      | 6900 ||| FLEEEEING.
  6901 | D:8      | 6901 ||| FLEEEEING.
  6902 | D:8      | 6902 ||| FLEEEEING.
  6903 | D:8      | 6903 ||| FLEEEEING.
  6904 | D:8      | 6904 ||| FLEEEEING.
  6939 | D:8      | 6939 ||| Stepping ~*~*~tactically~*~*~ (stealth).
  7251 | D:8      | 7251 ||| READING scroll labelled BACZUNUEJO.
  7254 | D:8      | 7254 ||| READING scroll labelled ZIW IXEKAZE.
  7255 | D:8      | 7255 ||| READING 2 scrolls of identify.
  7255 | D:8      | 7255 ||| IDENTIFYING fuming blue potion
  7290 | D:9      | Found a staircase to the Orcish Mines.
  7305 | D:9      | 7305 ||| Stepping ~*~*~tactically~*~*~ (stealth).
  7433 | D:9      | Found Maxt's Magic Scroll Shoppe.
  7553 | D:9      | 7553 ||| BUYING scroll of identify (30 gold).
  7553 | D:9      | Bought a scroll of identify for 30 gold pieces
  7553 | D:9      | 7553 ||| BUYING scroll of identify (30 gold).
  7553 | D:9      | Bought a scroll of identify for 30 gold pieces
  7553 | D:9      | 7553 ||| BUYING scroll of identify (30 gold).
  7553 | D:9      | Bought a scroll of identify for 30 gold pieces
  7553 | D:9      | 7553 ||| BUYING scroll of identify (30 gold).
  7553 | D:9      | Bought a scroll of identify for 30 gold pieces
  7553 | D:9      | 7553 ||| BUYING scroll of teleportation (45 gold).
  7553 | D:9      | Bought a scroll of teleportation for 45 gold pieces
  7553 | D:9      | 7553 ||| BUYING scroll of teleportation (45 gold).
  7553 | D:9      | Bought a scroll of teleportation for 45 gold pieces
  8099 | D:9      | 8099 ||| READING scroll of enchant armour.
  8099 | D:9      | 8099 ||| ENCHANTING +0 pair of gloves.
  8251 | D:9      | 8251 ||| UPGRADING to +1 plate armour of fire resistance.
  8261 | D:9      | 8261 ||| DROPPING +0 plate armour.
  8262 | D:9      | 8262 ||| READING 6 scrolls of identify.
  8262 | D:9      | 8262 ||| IDENTIFYING sedimented emerald potion
  8263 | D:9      | 8263 ||| READING 5 scrolls of identify.
  8263 | D:9      | 8263 ||| IDENTIFYING smoky blue potion
  8264 | D:9      | 8264 ||| DROPPING potion of enlightenment.
  8373 | D:10     | Entered Level 10 of the Dungeon
  8399 | D:10     | Noticed a salamander
  8408 | D:10     | Killed a salamander
  8466 | D:10     | Noticed a salamander
  8467 | D:10     | 8467 ||| Stepping ~*~*~tactically~*~*~ (hiding).
  8480 | D:10     | Killed a salamander
  8628 | D:10     | Noticed a salamander
  8629 | D:10     | Noticed a salamander mystic
  8630 | D:10     | Found the +3 salamander hide armour {Flames, rFlCloud rF++
                  | rC--}
  8639 | D:10     | Killed a salamander mystic
  8642 | D:10     | Killed a salamander
  8762 | D:10     | Found a portal to a secret trove of treasure.
  8771 | D:10     | 8771 ||| Stepping ~*~*~tactically~*~*~ (stealth).
  9018 | D:10     | 9018 ||| Stepping ~*~*~tactically~*~*~ (hiding).
  9021 | D:10     | 9021 ||| Stepping ~*~*~tactically~*~*~ (hiding).
  9640 | D:10     | 9640 ||| READING 4 scrolls of identify.
  9640 | D:10     | 9640 ||| IDENTIFYING ruby potion
  9684 | D:11     | Found Nyciuceo's Armour Shoppe.
  9687 | D:11     | 9687 ||| BUYING +1 robe of the Boiling Point {-Cast rPois
                  | rCorr} (186 gold).
  9687 | D:11     | Bought the +1 robe of the Boiling Point {-Cast rPois rCorr}
                  | for 186 gold pieces
  9733 | D:11     | Noticed a two-headed ogre
  9739 | D:11     | Killed a two-headed ogre
  9740 | D:11     | Reached XP level 12. HP: 69/73 MP: 10/10
  9761 | D:11     | Noticed Sonja
  9766 | D:11     | Killed Sonja
  9864 | D:11     | Reached skill level 9 in Fighting
  9940 | D:11     | Reached skill level 3 in Dodging
 10397 | D:11     | 10397 ||| PLANNING LAIR
 10397 | D:11     | 10397 ||| READING scroll labelled VUOZYF LENUILAN.
 10468 | Lair:1   | Entered Level 1 of the Lair of Beasts
 10468 | Lair:1   | Found a runed translucent gate.
 10472 | Lair:1   | 10472 ||| STAIRDANCE
 10483 | Lair:1   | Noticed an eight-headed hydra
 10484 | Lair:1   | 10484 ||| STAIRDANCE
 10488 | Lair:1   | 10488 ||| STAIRDANCE
 10501 | Lair:1   | 10501 ||| STAIRDANCE
 10503 | D:8      | 10503 ||| SWAPPING to +0 morningstar.
 10509 | D:8      | HP: 15/76 [eight-headed hydra (6)]
 10509 | D:8      | HP: 2/76 [yak (7)]
 10510 | D:8      | 10510 ||| READING 2 scrolls of teleportation.
 10510 | D:8      | Slain by an eight-headed hydra

Levels and vault maps discovered:
D:1:      minmay_arrival_glassed_features, layout_loops_ring
D:2:      layout_basic, shapermc_ecumenical_altar_starsandcircs,
          minmay_tetromino_l4
D:3:      layout_rooms, nicolae_tso_carved_into_rock, uniq_terence
D:4:      layout_basic, mainiacjoe_overflow_cross_hatched,
          kennysheep_generic_room_3
D:5:      layout_loops_ring, nicolae_ru_the_path_less_chosen,
          amcnicky_altar_gilded, mainiacjoe_overflow_swirl,
          minmay_temple_entry_nine_rooms, gammafunk_ghost_stat_death
D:6:      layout_gridville, elyvilon_altar_1, sword_in_stone,
          uniq_prince_ribbit1
D:7:      layout_cave_pools
D:8:      layout_loops_ring, erik_lair_orcish_takeover, uniq_joseph
D:9:      layout_small_grid, orc_0_dummy, serial_shops, shop
D:10:     layout_stronghold, enter_trove_2, amcnicky_mini_pool_small,
          hellmonk_guarded_unrand_salamander
D:11:     layout_roguey, serial_shops, nicolae_stop_n_shop_2, uniq_sonja
Temple:   nicolae_temple_superstar
Lair:1:   layout_cave_pods, ebering_ghost_rock_garden,
          infiniplex_staircase_pool, uniq_nergalle

Skill      XL: |  1  2  3  4  5  6  7  8  9 10 11 12 |
---------------+-------------------------------------+-----
Axes           | 2 3 4 5 6 7 9 11 | 11.3
Dodging        | 1 2 3 |  3.1
Fighting       | 4 6 7 8 9 |  9.0
Throwing       | 1 |  1.0
Shields        | 6 13 | 13.2
Armour         | 5 8 |  8.1

Action                     |  1- 3 |  4- 6 |  7- 9 | 10-12 || total
---------------------------+-------+-------+-------+-------++-------
  Melee: War axe           |    87 |    63 |   147 |   236 ||   533
         Morningstar       |       |       |       |     6 ||     6
  Throw: Boomerang         |       |    11 |    44 |    25 ||    80
    Use: Scroll            |     5 |     3 |     2 |    10 ||    20
         Potion            |     3 |     3 |     2 |     1 ||     9
   Stab: Distracted        |     1 |       |       |       ||     1
 Armour: Scale mail        |    41 |    25 |    74 |       ||   140
         Plate armour      |       |       |    21 |   190 ||   211
  Dodge: Dodged            |    32 |    30 |    78 |   103 ||   243
  Block: Buckler           |    14 |    10 |    29 |       ||    53
         Kite shield       |       |       |    25 |   201 ||   226

Table legend:
 A = Non-vault XP
 B = Vault XP
 C = Vault XP percentage of total XP
 D = Non-vault monster count
 E = Vault monster count
 F = Vault count percentage of total count
                 A         B        C        D         E       F
            +---------+---------+-------+---------+---------+-------
      Total |   11592 |    5192 |  30.9 |     195 |      26 |  11.8
            +---------+---------+-------+---------+---------+-------
        D:1 |      17 |       0 |   0.0 |      11 |       0 |   0.0
        D:2 |      51 |       8 |  13.6 |      17 |       4 |  19.0
        D:3 |      39 |      36 |  48.0 |       8 |       1 |  11.1
        D:4 |     380 |       0 |   0.0 |      20 |       0 |   0.0
        D:5 |     321 |       0 |   0.0 |      15 |       0 |   0.0
        D:6 |    1899 |     851 |  30.9 |      28 |       6 |  17.6
        D:7 |    1684 |       0 |   0.0 |      17 |       0 |   0.0
        D:8 |    1025 |    1091 |  51.6 |      24 |      10 |  29.4
        D:9 |    2008 |       0 |   0.0 |      24 |       0 |   0.0
       D:10 |     775 |    2424 |  75.8 |      11 |       4 |  26.7
       D:11 |    3393 |     782 |  18.7 |      20 |       1 |   4.8
            +---------+---------+-------+---------+---------+-------
